[ PARTIDA AOE2 · #506919936 ]
UnrankedTártaros vs Poles
Equipo del jugador · DERR
Equipo rival · VICT
[ ANÁLISIS DE REPETICIÓN · EXTRAÍDO DE LA PARTIDA GRABADA ]
Feudal
9:46
Castillos
21:00
Imperial
43:39
| APM promedio | 84.4 |
| APM pico | 131 |
| eAPM promedio | 40.0 |
| Aldeanos / militares | 254 / 265 |
Foco
⚔️ 44.1% · 🌾 55.9%
Knight ×97 · Scout Cavalry ×66 · Steppe Lancer ×62 · Archer ×11 · Keshik ×11 · Militia ×7
Feudal
8:53
Castillos
24:56
Imperial
47:09
| APM promedio | 63.9 |
| APM pico | 100 |
| eAPM promedio | 35.7 |
| Aldeanos / militares | 208 / 210 |
Foco
⚔️ 55.7% · 🌾 44.3%
Knight ×104 · Cavalry Archer ×63 · Skirmisher ×11 · Mangonel ×7 · Spearman ×7 · Obuch ×6
Mapa de la partida
Recursos iniciales + cada clic de construcción. Líneas = muros · curvas = relieve. ◆ oro · ⬟ piedra · ● bayas · ✦ reliquia · ◌ hueco del cierre
Tu base· Abierta — hueco de 4t
Base de The Illusionist· Abierta — hueco de 2t
Terreno inicial suavizado · ◌ = hueco del cierre detectado · pasá el cursor para detalles
Inputs por minuto
— hK | Romell13 - - The Illusionist
Build order — hK | Romell13
Primeras 150 de 751 acciones detectadas
| 0:01 | Crear | Villager (Male) |
| 0:01 | Crear | Villager (Male) |
| 0:01 | Crear | Villager (Male) |
| 0:02 | Construir | House |
| 0:04 | Construir | House |
| 0:06 | Crear | Villager (Male) |
| 0:06 | Crear | Villager (Male) |
| 1:23 | Crear | Villager (Male) |
| 1:23 | Crear | Villager (Male) |
| 1:35 | Crear | Villager (Male) |
| 1:43 | Construir | Lumber Camp |
| 2:02 | Crear | Villager (Male) |
| 2:02 | Crear | Villager (Male) |
| 2:30 | Crear | Villager (Male) |
| 2:30 | Crear | Villager (Male) |
| 3:01 | Crear | Villager (Male) |
| 3:25 | Crear | Villager (Male) |
| 3:43 | Crear | Villager (Male) |
| 3:43 | Crear | Villager (Male) |
| 3:49 | Construir | House |
| 4:05 | Crear | Villager (Male) |
| 4:06 | Construir | House |
| 4:07 | Construir | House |
| 4:17 | Crear | Villager (Male) |
| 4:17 | Crear | Villager (Male) |
| 4:54 | Crear | Villager (Male) |
| 4:54 | Crear | Villager (Male) |
| 5:15 | Construir | House |
| 5:37 | Crear | Villager (Male) |
| 5:37 | Crear | Villager (Male) |
| 5:52 | Construir | Mill |
| 5:53 | Crear | Villager (Male) |
| 6:06 | Crear | Villager (Male) |
| 6:06 | Crear | Villager (Male) |
| 6:28 | Construir | Barracks |
| 7:00 | Crear | Villager (Male) |
| 7:07 | Investigar | Loom |
| 7:36 | Investigar | Feudal Age |
| 7:36 | Investigar | Feudal Age |
| 7:43 | Crear | Militia |
| 7:45 | Construir | Mining Camp |
| 8:04 | Crear | Militia |
| 8:04 | Crear | Militia |
| 8:21 | Crear | Militia |
| 8:57 | Construir | Palisade Wall |
| 8:58 | Construir | Palisade Wall |
| 9:42 | Crear | Militia |
| 9:46 | Edad | Edad Feudal |
| 9:50 | Construir | Archery Range |
| 9:53 | Crear | Villager (Male) |
| 10:08 | Crear | Militia |
| 10:18 | Crear | Villager (Male) |
| 10:31 | Construir | House |
| 10:39 | Crear | Militia |
| 10:43 | Crear | Archer |
| 10:43 | Crear | Archer |
| 11:08 | Construir | House |
| 11:08 | Crear | Villager (Male) |
| 11:09 | Crear | Villager (Male) |
| 11:11 | Crear | Villager (Male) |
| 11:11 | Crear | Villager (Male) |
| 11:11 | Crear | Villager (Male) |
| 11:28 | Crear | Archer |
| 11:42 | Crear | Villager (Male) |
| 11:56 | Crear | Villager (Male) |
| 11:57 | Crear | Villager (Male) |
| 11:58 | Crear | Villager (Male) |
| 11:59 | Crear | Villager (Male) |
| 12:08 | Crear | Archer |
| 12:14 | Construir | Farm |
| 12:14 | Construir | Farm |
| 12:14 | Construir | Farm |
| 12:14 | Construir | Farm |
| 12:14 | Construir | Farm |
| 12:41 | Crear | Villager (Male) |
| 13:00 | Crear | Archer |
| 13:01 | Crear | Villager (Male) |
| 13:01 | Crear | Villager (Male) |
| 13:01 | Crear | Villager (Male) |
| 13:23 | Crear | Archer |
| 13:24 | Crear | Villager (Male) |
| 13:24 | Crear | Villager (Male) |
| 13:29 | Crear | Villager (Male) |
| 13:29 | Crear | Villager (Male) |
| 13:32 | Construir | Farm |
| 13:33 | Crear | Villager (Male) |
| 14:01 | Crear | Villager (Male) |
| 14:11 | Crear | Archer |
| 14:11 | Crear | Archer |
| 14:15 | Construir | House |
| 14:21 | Crear | Villager (Male) |
| 14:23 | Construir | Blacksmith |
| 14:33 | Construir | Farm |
| 14:45 | Crear | Archer |
| 15:17 | Crear | Villager (Male) |
| 15:26 | Construir | Watch Tower |
| 15:35 | Investigar | Fletching |
| 15:35 | Investigar | Fletching |
| 15:45 | Crear | Villager (Male) |
| 15:50 | Construir | Farm |
| 15:50 | Construir | Farm |
| 15:50 | Construir | Farm |
| 15:50 | Construir | Farm |
| 15:51 | Construir | Farm |
| 15:53 | Crear | Villager (Male) |
| 16:05 | Crear | Archer |
| 16:11 | Construir | House |
| 16:14 | Construir | House |
| 16:18 | Construir | Palisade Wall |
| 16:21 | Construir | Palisade Wall |
| 16:23 | Construir | Palisade Wall |
| 16:25 | Construir | Palisade Wall |
| 16:27 | Crear | Villager (Male) |
| 16:34 | Crear | Villager (Male) |
| 16:49 | Construir | Farm |
| 16:53 | Crear | Villager (Male) |
| 17:00 | Crear | Archer |
| 17:33 | Crear | Villager (Male) |
| 17:46 | Construir | Mining Camp |
| 17:46 | Crear | Villager (Male) |
| 18:20 | Investigar | Castle Age |
| 18:20 | Investigar | Castle Age |
| 19:52 | Construir | Palisade Wall |
| 19:52 | Construir | Palisade Wall |
| 20:16 | Crear | Villager (Male) |
| 20:35 | Construir | Stable |
| 20:44 | Crear | Villager (Male) |
| 20:51 | Construir | Palisade Wall |
| 20:52 | Construir | Palisade Wall |
| 20:54 | Construir | Palisade Wall |
| 21:00 | Edad | Edad de los Castillos |
| 21:00 | Construir | Palisade Wall |
| 21:03 | Construir | Palisade Wall |
| 21:04 | Construir | Palisade Wall |
| 21:10 | Construir | Stable |
| 21:11 | Crear | Villager (Male) |
| 21:18 | Investigar | Double-Bit Axe |
| 21:18 | Investigar | Gold Mining |
| 21:19 | Investigar | Horse Collar |
| 21:20 | Crear | Villager (Male) |
| 21:26 | Construir | Palisade Wall |
| 21:30 | Construir | Palisade Wall |
| 21:32 | Construir | Palisade Wall |
| 21:36 | Construir | Palisade Wall |
| 21:45 | Investigar | Scale Barding Armor |
| 21:45 | Investigar | Scale Barding Armor |
| 21:45 | Investigar | Scale Barding Armor |
| 21:46 | Crear | Villager (Male) |
| 21:54 | Crear | Villager (Male) |
| 22:02 | Construir | Siege Workshop |
Build order — The Illusionist
Primeras 150 de 719 acciones detectadas
| 0:00 | Crear | Villager (Male) |
| 0:01 | Crear | Villager (Male) |
| 0:01 | Crear | Villager (Male) |
| 0:03 | Construir | House |
| 0:05 | Construir | House |
| 0:13 | Crear | Villager (Male) |
| 0:14 | Crear | Villager (Male) |
| 1:20 | Crear | Villager (Male) |
| 1:53 | Crear | Villager (Male) |
| 2:14 | Construir | Lumber Camp |
| 2:15 | Crear | Villager (Male) |
| 2:40 | Crear | Villager (Male) |
| 3:04 | Crear | Villager (Male) |
| 3:04 | Crear | Villager (Male) |
| 3:26 | Crear | Villager (Male) |
| 3:40 | Crear | Villager (Male) |
| 3:40 | Crear | Villager (Male) |
| 3:55 | Construir | Palisade Gate |
| 3:58 | Construir | Palisade Wall |
| 4:00 | Construir | Palisade Wall |
| 4:07 | Construir | Palisade Wall |
| 4:10 | Construir | House |
| 4:19 | Crear | Villager (Male) |
| 4:32 | Crear | Villager (Male) |
| 4:33 | Crear | Villager (Male) |
| 5:03 | Crear | Villager (Male) |
| 5:24 | Construir | Barracks |
| 5:31 | Crear | Villager (Male) |
| 5:54 | Crear | Villager (Male) |
| 5:59 | Construir | House |
| 6:11 | Investigar | Loom |
| 6:11 | Investigar | Loom |
| 6:43 | Investigar | Feudal Age |
| 6:43 | Investigar | Feudal Age |
| 7:06 | Crear | Militia |
| 7:07 | Crear | Militia |
| 7:29 | Construir | House |
| 7:43 | Construir | Mining Camp |
| 8:00 | Construir | Mill |
| 8:05 | Crear | Villager (Male) |
| 8:06 | Crear | Militia |
| 8:39 | Crear | Militia |
| 8:53 | Edad | Edad Feudal |
| 9:26 | Crear | Villager (Male) |
| 9:28 | Investigar | Double-Bit Axe |
| 9:55 | Crear | Villager (Male) |
| 10:23 | Construir | Archery Range |
| 10:41 | Investigar | Man-at-Arms (upgrade) |
| 10:41 | Crear | Villager (Male) |
| 10:53 | Construir | Watch Tower |
| 10:59 | Crear | Villager (Male) |
| 11:08 | Investigar | Horse Collar |
| 11:22 | Crear | Villager (Male) |
| 11:36 | Construir | Farm |
| 11:36 | Construir | Farm |
| 11:48 | Crear | Villager (Male) |
| 11:55 | Crear | Villager (Male) |
| 12:03 | Construir | Watch Tower |
| 12:14 | Construir | House |
| 12:37 | Construir | Watch Tower |
| 12:39 | Investigar | Arson |
| 12:42 | Crear | Militia |
| 12:50 | Construir | Blacksmith |
| 13:01 | Crear | Villager (Male) |
| 13:05 | Construir | Palisade Wall |
| 13:07 | Construir | Palisade Wall |
| 13:08 | Construir | Palisade Wall |
| 13:09 | Construir | Palisade Wall |
| 13:09 | Construir | Palisade Wall |
| 13:10 | Construir | Palisade Wall |
| 13:27 | Crear | Villager (Male) |
| 13:35 | Crear | Villager (Male) |
| 13:42 | Construir | House |
| 13:52 | Crear | Villager (Male) |
| 14:20 | Crear | Villager (Male) |
| 14:26 | Construir | Archery Range |
| 14:39 | Construir | Palisade Wall |
| 14:41 | Construir | Palisade Wall |
| 14:46 | Crear | Villager (Male) |
| 14:48 | Construir | Watch Tower |
| 15:05 | Crear | Villager (Male) |
| 15:10 | Crear | Skirmisher |
| 15:10 | Crear | Skirmisher |
| 15:12 | Construir | Palisade Wall |
| 15:19 | Construir | House |
| 15:20 | Crear | Skirmisher |
| 15:25 | Investigar | Arson |
| 15:31 | Construir | House |
| 15:42 | Crear | Skirmisher |
| 15:48 | Construir | Watch Tower |
| 16:10 | Construir | Farm |
| 16:20 | Crear | Villager (Male) |
| 16:21 | Crear | Skirmisher |
| 16:42 | Crear | Villager (Male) |
| 16:43 | Crear | Skirmisher |
| 16:48 | Investigar | Fletching |
| 16:49 | Investigar | Fletching |
| 16:56 | Construir | Mill |
| 17:09 | Construir | Palisade Wall |
| 17:13 | Construir | Mining Camp |
| 17:23 | Crear | Villager (Male) |
| 17:39 | Construir | Farm |
| 17:40 | Construir | Farm |
| 17:48 | Construir | Farm |
| 17:50 | Construir | Farm |
| 17:51 | Construir | Farm |
| 17:52 | Construir | Farm |
| 17:54 | Construir | Lumber Camp |
| 17:59 | Investigar | Padded Archer Armor |
| 18:12 | Construir | Farm |
| 18:12 | Construir | Farm |
| 18:13 | Crear | Villager (Male) |
| 18:14 | Crear | Skirmisher |
| 18:40 | Crear | Villager (Male) |
| 18:47 | Crear | Skirmisher |
| 18:54 | Construir | Mill |
| 18:56 | Construir | Farm |
| 18:59 | Crear | Villager (Male) |
| 19:02 | Crear | Skirmisher |
| 19:32 | Crear | Villager (Male) |
| 19:36 | Crear | Villager (Male) |
| 19:44 | Construir | Watch Tower |
| 19:50 | Crear | Villager (Male) |
| 19:52 | Construir | Farm |
| 19:57 | Construir | Farm |
| 19:58 | Construir | Farm |
| 20:00 | Construir | House |
| 20:04 | Crear | Skirmisher |
| 20:08 | Crear | Villager (Male) |
| 20:11 | Crear | Skirmisher |
| 20:18 | Construir | House |
| 21:14 | Crear | Villager (Male) |
| 21:15 | Construir | Market |
| 21:18 | Crear | Spearman |
| 21:18 | Crear | Spearman |
| 21:18 | Crear | Spearman |
| 21:30 | Crear | Spearman |
| 22:16 | Investigar | Castle Age |
| 22:17 | Investigar | Castle Age |
| 22:17 | Investigar | Castle Age |
| 22:19 | Construir | Farm |
| 22:25 | Crear | Spearman |
| 22:36 | Construir | Mining Camp |
| 22:43 | Construir | House |
| 23:01 | Investigar | Scale Mail Armor |
| 23:10 | Construir | House |
| 23:25 | Crear | Spearman |
| 23:25 | Crear | Spearman |
| 24:06 | Construir | Archery Range |
| 24:15 | Crear | Villager (Male) |
Cronología de la partida
| 3:58 | The Illusionist · wall_segment Palisade Wall x1 |
| 4:00 | The Illusionist · wall_segment Palisade Wall x1 |
| 4:07 | The Illusionist · wall_segment Palisade Wall x1 |
| 5:24 | The Illusionist · first_building Barracks |
| 6:28 | hK | Romell13 · first_building Barracks |
| 8:53 | The Illusionist · age_up feudal |
| 8:57 | hK | Romell13 · wall_segment Palisade Wall x1 |
| 8:58 | hK | Romell13 · wall_segment Palisade Wall x1 |
| 9:46 | hK | Romell13 · age_up feudal |
| 9:50 | hK | Romell13 · first_building Archery Range |
| 10:23 | The Illusionist · first_building Archery Range |
| 13:05 | The Illusionist · wall_segment Palisade Wall x1 |
| 13:07 | The Illusionist · wall_segment Palisade Wall x2 |
| 13:08 | The Illusionist · wall_segment Palisade Wall x1 |
| 13:09 | The Illusionist · wall_segment Palisade Wall x1 |
| 13:09 | The Illusionist · wall_segment Palisade Wall x1 |
| 13:10 | The Illusionist · wall_segment Palisade Wall x1 |
| 14:39 | The Illusionist · wall_segment Palisade Wall x1 |
| 14:41 | The Illusionist · wall_segment Palisade Wall x1 |
| 15:12 | The Illusionist · wall_segment Palisade Wall x10 |
| 16:18 | hK | Romell13 · wall_segment Palisade Wall x1 |
| 16:21 | hK | Romell13 · wall_segment Palisade Wall x1 |
| 16:23 | hK | Romell13 · wall_segment Palisade Wall x1 |
| 16:25 | hK | Romell13 · wall_segment Palisade Wall x1 |
| 17:09 | The Illusionist · wall_segment Palisade Wall x1 |
| 19:52 | hK | Romell13 · wall_segment Palisade Wall x1 |
| 19:52 | hK | Romell13 · wall_segment Palisade Wall x1 |
| 20:35 | hK | Romell13 · first_building Stable |
| 20:51 | hK | Romell13 · wall_segment Palisade Wall x1 |
| 20:52 | hK | Romell13 · wall_segment Palisade Wall x1 |
| 20:54 | hK | Romell13 · wall_segment Palisade Wall x1 |
| 21:00 | hK | Romell13 · age_up castle |
| 21:00 | hK | Romell13 · wall_segment Palisade Wall x1 |
| 21:03 | hK | Romell13 · wall_segment Palisade Wall x1 |
| 21:04 | hK | Romell13 · wall_segment Palisade Wall x1 |
| 21:26 | hK | Romell13 · wall_segment Palisade Wall x1 |
| 21:30 | hK | Romell13 · wall_segment Palisade Wall x1 |
| 21:32 | hK | Romell13 · wall_segment Palisade Wall x1 |
| 21:36 | hK | Romell13 · wall_segment Palisade Wall x1 |
| 22:02 | hK | Romell13 · first_building Siege Workshop |
| 22:10 | The Illusionist · first_market_sell 100 wood |
| 22:11 | The Illusionist · first_market_buy 100 food |
| 24:56 | The Illusionist · age_up castle |
| 25:54 | The Illusionist · first_building Siege Workshop |
| 26:08 | The Illusionist · wall_segment Palisade Wall x1 |
| 26:14 | The Illusionist · wall_segment Palisade Wall x1 |
| 28:00 | The Illusionist · first_building Stable |
| 29:26 | The Illusionist · first_building Monastery |
| 30:20 | hK | Romell13 · first_market_buy 100 food |
| 32:19 | hK | Romell13 · first_market_sell 100 wood |
| 38:11 | hK | Romell13 · first_building Castle |
| 42:44 | The Illusionist · first_building Castle |
| 43:39 | hK | Romell13 · age_up imperial |
| 47:09 | The Illusionist · age_up imperial |
| 58:42 | hK | Romell13 · resign |
[ ANÁLISIS IA · 1 CRÉDITO ]
¿Qué pasó realmente en esta partida?
Wolo.gg analiza cada decisión: build order, eco, micro, errores típicos por bracket. Análisis personalizado por WhatsApp o Discord en 30 segundos.
Guía civ
Tártaros
Perfil
hK | Romell13